 Dungeon Crawl Stone Soup version 0.24.0-13-gcf9b3192b9 (webtiles) character file.

Game seed: 11108091661558773427, levelgen mode: deterministic

76 Quickbrownfox the Poker (level 4, -6/34 HPs)
             Began as a Merfolk Skald on Nov 8, 2019.
             Mangled by a gnoll
             ... wielding a +0 flail
              (9 damage)
             ... on level 1 of the Dungeon.
             The game lasted 00:04:39 (1917 turns).

Quickbrownfox the Poker (Merfolk Skald)             Turns: 1917, Time: 00:04:39

Health: -6/34      AC:  3    Str: 12    XL:     4   Next: 32%
Magic:  4/7        EV: 12    Int: 12    God:
Gold:   63         SH:  0    Dex: 13    Spells: 2/7 levels left

rFire    . . .     SeeInvis .   a - +0 spear
rCold    . . .     Gourm    .   (no shield)
rNeg     . . .     Faith    .   b - +0 leather armour
rPois    .         Spirit   .   (no helmet)
rElec    .         Reflect  .   (no cloak)
rCorr    .         Harm     .   (no gloves)
MR       .....                  (no boots)
Stlth    ++........             (no amulet)
HPRegen  0.11/turn              (no ring)
MPRegen  0.10/turn              (no ring)

@: no status effects
A: change form in water, swift swim, stealthy swim
a: no special abilities


You were on level 1 of the Dungeon.
You were hungry.

You visited 1 branch of the dungeon, and saw 2 of its levels.

You collected 63 gold pieces.

Inventory:

Hand Weapons
 a - a +0 spear (weapon)
Missiles
 g - 2 boomerangs (quivered)
Armour
 b - a +0 leather armour (worn)
Scrolls
 h - 2 scrolls of remove curse {unknown}
 j - a scroll of teleportation
Potions
 c - 2 potions of might
 e - 2 potions of curing {unknown}
 i - a potion of heal wounds {unknown}
Comestibles
 d - 6 rations
 f - 6 chunks of flesh


   Skills:
 + Level 2.6 Fighting
 + Level 3.9 Polearms
 + Level 1.1 Armour
 + Level 3.0 Dodging
 + Level 1.5 Stealth
 + Level 2.4 Spellcasting
 + Level 3.7 Charms


You had 2 spell levels left.
You knew the following spells:

 Your Spells              Type           Power        Failure   Level  Hunger
a - Infusion              Chrm           ##..         7%          1    ##.....
b - Song of Slaying       Chrm           ##......     11%         2    ###....
c - Shroud of Golubria    Chrm/Tloc      #.....       24%         2    ###....

Your spell library contained the following spells:

 Spells                   Type           Power        Failure   Level  Hunger
 Regeneration             Chrm/Necr      #.........   43%         3    ####...
 Spectral Weapon          Hex/Chrm       #.......     43%         3    ####...


Dungeon Overview and Level Annotations

Branches:
Dungeon (2/15)

Altars:


Message History

The gnoll misses you.
You barely miss the gnoll.
The gnoll is heavily wounded.
You hit the gnoll.
The gnoll is severely wounded.
The gnoll hits you but does no damage.
You barely miss the gnoll.
The gnoll is severely wounded.
The gnoll barely misses you.
You closely miss the gnoll.
The gnoll is severely wounded.
The gnoll hits you with a +0 flail.
* * * LOW HITPOINT WARNING * * *
Your magical contamination has completely faded away.
You barely miss the gnoll.
The gnoll is severely wounded.
You hit the gnoll but do no damage.
The gnoll is severely wounded.
The gnoll hits you with a +0 flail!
You die...

####....##......##....#..........
#....'.......##..............#
#....#.......###'#############
####....#.......###.............#
..##.##.#........##############.#
..##.##.#........# #.#
..##.##.#........# #.#
..##.##.#......g.# #(#
#.##....##......@# #(>
#.########......## #########+#
#.....# #......# #..........
#####.# ###'#### #..........
....#.######.# #..........
..#.#........# #..........
..#.########## #..........
..#.........# #........รท.
..#.#######.# ###.......#


You could see a gnoll.

Vanquished Creatures
  A gnoll (D:2)
  3 adders
  A worm (D:1)
  3 dart slugs (D:1)
  3 giant cockroaches
  5 hobgoblins
  A jackal (D:1)
  A quokka (D:2)
  6 bats
  2 goblins
  3 kobolds (D:1)
  5 rats
34 creatures vanquished.

Notes
Turn   | Place    | Note
-------+----------+-------------------------------------------
     0 | D:1      | Quickbrownfox the Merfolk Skald began the quest for the
                  | Orb.
     0 | D:1      | Reached XP level 1. HP: 16/16 MP: 3/3
   476 | D:1      | Reached XP level 2. HP: 18/22 MP: 0/5
   943 | D:1      | Reached XP level 3. HP: 28/28 MP: 1/6
  1442 | D:1      | Reached skill level 1 in Stealth
  1737 | D:2      | Reached skill level 1 in Armour
  1828 | D:2      | Reached XP level 4. HP: 33/34 MP: 1/7
  1838 | D:2      | Learned a level 2 spell: Song of Slaying
  1841 | D:2      | Learned a level 2 spell: Shroud of Golubria
  1917 | D:1      | Mangled by a gnoll

Levels and vault maps discovered:
D:1:      tarquinn_simple_flora_water_e, layout_basic, minmay_hexomino_u4
D:2:      layout_basic, kennysheep_generic_room_15

Skill      XL: |  1  2  3 |
---------------+----------+-----
Dodging        | 3 |  3.0
Stealth        | 1 |  1.5
Armour         | 1 |  1.1
Fighting       | |  2.6
Polearms       | |  3.9
Spellcasting   | |  2.4
Charms         | |  3.7

Action                   |  1- 3 |  4- 6 || total
-------------------------+-------+-------++-------
Melee: Spear             |   138 |    23 ||   161
Throw: Boomerang         |     1 |       ||     1
 Cast: Infusion          |     8 |     1 ||     9
  Use: Scroll            |     2 |       ||     2
 Stab: Sleeping          |     3 |     1 ||     4
  Eat: Chunk             |     3 |       ||     3
Armor: Leather armour    |    37 |     1 ||    38
Dodge: Dodged            |    89 |     6 ||    95
